Map: Orbital Shipyard

Players

QzY - Winner!

  • Race: Terran Terran
  • League: Master

Evire

  • Race: Zerg Zerg
  • League: Grandmaster

VOD

Have the link to the VOD?

Description

Time

  • Played on: Feb. 21, 2016, 6:01 a.m.
  • Length: 13:11
Show
View Real Time Build Order
Export as new Build Order

QzY Terran - Winner!

Build Orders: Command Center First (CC), MMM Bio 

Get SALT Encoding   

  12  0:01  SCV  
  13  0:13  SCV  
  14  0:17  Supply Depot  
  14  0:25  SCV  
  15  0:39  SCV  
  16  0:51  SCV  
  17  0:59  Command Center  
  17  1:03  SCV  
  18  1:12  Barracks  
  18  1:15  SCV  
  19  1:22  Refinery  
  19  1:27  SCV  
  20  1:36  Barracks  
  20  1:39  SCV  
  21  1:49  Refinery  
  21  1:51  SCV  
  22  1:59  Barracks Tech Lab  
  22  2:04  Orbital Command  
  22  2:12  Orbital Command  
  22  2:25  Stimpack  
  22  2:29  Marine  
  22  2:30  SCV  
  24  2:40  Barracks Reactor  
  24  2:41  SCV  
  24  2:42  SCV  
  26  2:47  Marine  
  26  2:50  Engineering Bay  
  27  2:53  SCV  
  27  2:54  Engineering Bay  
  27  2:55  SCV  
  29  3:05  SCV  
  29  3:07  SCV  
  29  3:08  Factory  
  29  3:10  Marine  
  32  3:17  Refinery  
  32  3:18  Marine x2  
  32  3:19  SCV  
  35  3:20  SCV  
  35  3:23  Terran Infantry Armor Level 1  
  36  3:31  SCV, Terran Infantry Weapons Level 1  
  36  3:32  SCV  
  37  3:47  SCV  
  37  3:48  Supply Depot  
  38  3:51  Marine x2  
  38  3:52  SCV, Marine  
  42  3:58  Starport  
  42  3:59  SCV  
  42  4:00  Factory Reactor  
  43  4:04  SCV  
  44  4:11  SCV, Marine x2, Marauder  
  44  4:16  SCV  
  50  4:23  SCV  
  51  4:27  Combat Shields  
  51  4:28  SCV  
  51  4:29  Marine x2  
  54  4:32  Supply Depot  
  54  4:36  Supply Depot  
  54  4:40  SCV  
  54  4:41  Marauder  
  54  4:43  SCV  
  58  4:46  Medivac x2  
  58  4:49  Supply Depot  
  62  4:53  SCV, Marine x2  
  62  4:57  SCV  
  66  5:00  Refinery  
  66  5:04  Marauder  
  68  5:13  Command Center  
  68  5:18  Armory  
  68  5:30  Marine x2, Marauder  
  68  5:33  Medivac x2  
  68  5:34  SCV x2  
  68  5:35  Factory Tech Lab  
  78  5:41  Supply Depot  
  78  5:43  Supply Depot  
  78  5:57  Marine x2  
  78  5:58  Marauder  
  78  6:02  Barracks  
  78  6:03  Barracks  
  79  6:15  Marine  
  75  6:26  Orbital Command, Marine, Marauder  
  75  6:28  Medivac x2, Siege Tank  
  75  6:31  SCV x2  
  87  6:33  Marine  
  87  6:34  Barracks  
  86  6:49  Orbital Command  
  86  6:54  Marine  
  86  6:55  Marine, Marauder  
  86  7:00  Barracks Tech Lab x2  
  90  7:02  SCV x2  
  92  7:10  Terran Infantry Weapons Level 2  
  92  7:11  Terran Infantry Armor Level 2  
  92  7:12  Marine x2  
  92  7:14  SCV  
  92  7:15  SCV x2  
  97  7:16  Marauder  
  97  7:20  Marauder  
  103  7:23  Barracks Reactor, Marauder, Concussive Shells  
  103  7:26  SCV  
  103  7:29  Medivac  
  64  7:30  Medivac  
  106  7:41  Marine x3  
  106  7:42  Marauder  
  106  7:43  Marine  
  97  7:59  Marine x2  
  97  8:00  Marauder  
  97  8:02  Marauder, Siege Tank  
  97  8:03  Marine x2, Marauder  
  109  8:11  Orbital Command  
  91  8:17  Marine x2  
  90  8:21  Marine x3  
  90  8:23  Medivac, Marauder  
  90  8:24  Marine  
  90  8:25  Medivac  
  100  8:34  SCV x2  
  100  8:35  Marine x2  
  100  8:38  Marine  
  100  8:39  Marine x2  
  106  8:42  Marauder  
  106  8:44  Marine  
  106  8:46  SCV x2  
  111  8:48  Supply Depot  
  111  8:49  Supply Depot  
  111  8:50  Supply Depot  
  111  8:52  Marine  
  111  8:53  Marine  
  112  9:01  Orbital Command  
  111  9:09  SCV, Marine x3  
  119  9:10  Marauder x2, Siege Tank  
  119  9:12  Supply Depot  
  119  9:14  Supply Depot  
  121  9:26  Marine x2  
  121  9:27  SCV, Marine x2  
  121  9:30  Marine  
  121  9:31  Marine  
  130  9:35  Terran Infantry Weapons Level 3  
  130  9:36  Supply Depot  
  130  9:37  SCV x2  
  130  9:57  Marine x4, Marauder x3  
  140  10:11  SCV x2  
  140  10:12  SCV  
  143  10:15  Marine x4  
  143  10:18  Marine, Marauder x2  
  152  10:23  SCV  
  152  10:24  SCV x2  
  148  10:33  Marine x4  
  147  10:36  Marauder  
  147  10:39  Marine, Marauder  
  138  10:51  Marine x4  
  138  10:55  Siege Tank  
  138  10:56  Medivac x2  
  149  10:58  Marauder x2  
  149  11:00  Marine  
  152  11:08  Marine  
  152  11:09  Marine x3  
  156  11:19  SCV, Marauder x3  
  163  11:25  Medivac  
  163  11:26  Medivac, Marine x4  
  163  11:27  Siege Tank  
  172  11:40  Marine  
  172  11:45  Marine x3  
  172  11:46  Marine  
  172  11:47  Marauder  
  172  11:48  Marauder  
  148  11:55  Medivac  
  148  11:56  Medivac  
  148  11:58  Marauder  
  148  11:59  Siege Tank  
  138  12:03  Marine x3  
  138  12:04  Marine  
  138  12:09  Marauder  
  138  12:10  Marauder  
  139  12:19  Marauder  
  139  12:20  Marine x2  
  139  12:21  Marine  
  139  12:22  Marine  
  142  12:30  Marauder  
  142  12:31  Marauder, Siege Tank  
  148  12:38  Marine x2  
  148  12:39  Marine  
  148  12:40  Marine  
  148  12:41  Marauder  
  146  12:52  Marine  
Show
View Real Time Build Order
Export as new Build Order

Evire Zerg 

Build Orders: Hatch First 

Get SALT Encoding   

  12  0:00  Drone  
  13  0:12  Overlord  
  13  0:18  Drone  
  14  0:26  Extractor, Drone  
  15  0:30  Drone  
  16  0:36  Drone  
  17  0:52  Hatchery  
  17  0:55  Drone  
  17  1:00  Drone  
  18  1:04  Extractor  
  17  1:13  Spawning Pool  
  17  1:17  Drone  
  17  1:21  Drone  
  18  1:28  Drone  
  19  1:40  Overlord  
  19  2:00  Queen  
  21  2:01  Zergling x2  
  21  2:02  Zergling x2  
  21  2:05  Queen  
  25  2:09  Metabolic Boost  
  25  2:10  Drone  
  25  2:15  Drone  
  27  2:19  Overlord  
  27  2:22  Drone  
  28  2:28  Drone  
  29  2:33  Zergling x2  
  30  2:38  Queen  
  30  2:40  Drone  
  33  2:55  Drone  
  35  2:58  Drone x3  
  37  3:06  Hatchery  
  37  3:07  Drone  
  37  3:13  Drone x3  
  37  3:14  Drone x3  
  37  3:19  Overlord  
  43  3:22  Overlord  
  43  3:29  Drone  
  43  3:34  Drone  
  43  3:37  Drone  
  44  3:43  Drone  
  44  3:44  Drone  
  44  3:47  Extractor  
  44  3:48  Drone x3  
  48  3:49  Drone  
  48  3:50  Drone x2  
  48  3:52  Queen  
  53  4:03  Overlord x2  
  53  4:08  Roach Warren  
  52  4:10  Evolution Chamber  
  52  4:11  Drone x2  
  53  4:18  Queen  
  53  4:23  Drone x7  
  62  4:31  Lair  
  62  4:35  Extractor  
  62  4:36  Extractor, Drone x3  
  63  4:49  Drone  
  63  4:50  Zergling x10  
  63  4:51  Hatchery  
  68  4:53  Zerg Missile Weapons Level 1  
  68  5:01  Drone  
  68  5:02  Drone x5  
  68  5:04  Overlord  
  74  5:12  Overlord x2  
  74  5:23  Drone  
  74  5:24  Drone, Baneling Nest  
  74  5:25  Drone  
  74  5:27  Roach x3  
  82  5:29  Overlord x2  
  82  5:30  Overseer  
  82  5:33  Roach x3  
  82  5:34  Roach  
  90  5:42  Glial Reconstitution  
  90  5:44  Roach x4  
  98  5:53  Overlord x3  
  94  5:58  Roach  
  94  5:59  Roach  
  94  6:01  Zergling x4  
  94  6:02  Zergling x4  
  101  6:10  Roach x6  
  98  6:25  Drone x2  
  94  6:26  Drone x2  
  94  6:29  Roach x7  
  110  6:38  Ravager  
  111  6:44  Drone x4  
  115  6:47  Extractor  
  115  6:50  Zerg Missile Weapons Level 2  
  115  6:53  Drone x4  
  118  6:59  Drone x4  
  122  7:02  Extractor  
  122  7:05  Ravager x2  
  122  7:08  Zergling x14  
  130  7:15  Spore Crawler x2  
  129  7:16  Drone x3, Spore Crawler  
  129  7:21  Ravager x2  
  132  7:23  Ravager  
  125  7:38  Infestation Pit  
  125  7:40  Roach x5  
  132  7:46  Zergling x24  
  143  7:53  Overlord x3  
  141  8:02  Roach  
  141  8:03  Roach  
  125  8:22  Pathogen Glands  
  125  8:24  Hatchery  
  121  8:34  Drone x9  
  121  8:35  Drone x4  
  127  9:03  Infestor  
  127  9:04  Infestor x5  
  127  9:07  Roach x10  
  127  9:08  Overlord  
  127  9:09  Overlord x3  
  159  9:17  Zerg Ground Armor Level 1  
  159  9:30  Overseer  
  159  9:31  Extractor  
  158  9:32  Extractor  
  157  9:46  Queen  
  157  9:49  Roach x14  
  157  9:51  Overlord  
  187  9:59  Ravager x2  
  189  10:15  Roach x5  
  189  10:31  Roach x8  
  196  10:46  Lair  
  193  10:51  Burrow  
  193  10:53  Hatchery  
  175  11:15  Drone x5  
  175  11:16  Ravager x2  
  182  11:19  Roach  
  182  11:20  Roach x4  
  188  11:27  Ravager x4  
  188  11:28  Ravager x2  
  192  11:39  Overlord  
  192  11:44  Queen  
  127  11:54  Roach  
  127  11:55  Roach x11  
  113  12:16  Roach x8  
  108  12:29  Roach x7  
  105  12:43  Hatchery  
  90  12:47  Roach x5  
  100  12:56  Spawning Pool  
Tags
 
Add a new tag
Caveats
  • Supply blocks, unpowered buildings, or Contaminate may cause inaccurate times.
  • Supply counts are checked every 10 seconds.